 Dungeon Crawl Stone Soup version 0.31-a0-819-gf6de2f5ab6 (webtiles) character file.

Game seed: 12662202240748159804

2154 qw the Skirmisher (level 9, -6/56 HPs)
             Began as a Gargoyle Hunter on Sept 23, 2023.
             Was an Initiate of Okawaru.
             Killed by divine providence
             ... invoked by Jeremiah
              (11 damage)
             ... on level 6 of the Dungeon.
             The game lasted 00:02:47 (5398 turns).

qw the Skirmisher (Gargoyle Hunter)                 Turns: 5398, Time: 00:02:48

Health: -6/56      AC: 19    Str: 15    XL:     9   Next: 31%
Magic:  9/9        EV: 11    Int: 10    God:    Okawaru [......]
Gold:   151        SH:  0    Dex: 17    Spells: 8/8 levels left

rFire   . . .        l - +0 orcbow
rCold   . . .        (shield currently unavailable)
rNeg    + . .        m - +0 ring mail
rPois   inf          a - +0 helmet
rElec   +            (no cloak)
rCorr   .            b - +1 pair of gloves
SInv    .            (no boots)
Will    .....        (no amulet)
Stlth   +            i - +4 ring of protection
HPRegen 0.29/turn    (no ring)
MPRegen 0.11/turn

%: no passive effects
@: no status effects
A: sickness immunity, AC +6, negative energy resistance 1, electricity
resistance, torment resistance 1, petrification resistance
a: Renounce Religion


You were on level 6 of the Dungeon.
You worshipped Okawaru.
Okawaru was noncommittal.
You visited 2 branches of the dungeon, and saw 7 of its levels.
You also visited: Sewer.

You collected 241 gold pieces.
You spent 90 gold pieces at shops.


Innate Abilities, Weirdness & Mutations

You are immune to sickness and miasma.
Your stone body is resilient. (AC +6)
You are immune to poison.
You resist negative energy. (rN+)
You are resistant to electric shocks. (rElec)
You are resistant to unholy torment.
You are immune to petrification.


   Skills:
 + Level 6.7 Fighting
 - Level 10.3 Ranged Weapons
 - Level 4.1 Armour
 - Level 2.4 Dodging
 - Level 1.1 Stealth


You had 8 spell levels left.
You didn't know any spells.
Your spell library was empty.

Inventory:

Hand Weapons
 l - a +0 orcbow (weapon)
Armour
 a - a +0 helmet (worn)
 b - a +1 pair of gloves (worn)
 m - a +0 ring mail (worn)
Jewellery
 i - a +4 ring of protection (left hand)
Scrolls
 h - a scroll of identify
Potions
 c - a potion of might
 d - 6 potions of curing
 e - a potion of haste {unknown}
 g - a potion of berserk rage {unknown}
 j - a potion of invisibility {unknown}
 k - a potion of ambrosia {unknown}
 n - a potion of degeneration {unknown}
 o - a potion of enlightenment {unknown}

Dungeon Overview and Level Annotations

Branches:
Dungeon (6/15)             Temple (1/1) D:5           Sewer (visited)

Altars:
Ashenzari
Dithmenos
Elyvilon
Fedhas
Kikubaaqudgha
Makhleb
Okawaru
Qazlal
Ru
Sif Muna
Trog
Uskayaw
Vehumet
Xom
Yredelemnul
Zin
The Shining One

Shops:
D:4 =:[

Annotations:
D:6 Jeremiah


Message History

Jeremiah hits you from afar with a +2 trident of draining.
Jeremiah throws their arms up pleadingly.
Something smites you!
5364 ||| DRINKING potion of heal wounds.
You feel much better.
Jeremiah hops!
The butterfly disappears in a burst of colours! x3
You feel like a meek peon again.
The butterfly disappears in a burst of colours!
Jeremiah shouts, "O dreadful one, destroy my foe!"
Something smites you!
The butterfly disappears in a burst of colours! x2
The butterfly disappears in a burst of colours! x2
Enter note: You shoot an arrow.
The arrow closely misses the butterfly.
The arrow barely misses the butterfly.
The arrow closely misses the butterfly.
Jeremiah says, "Oh, this is an awfully strange dream."
The butterfly disappears in a burst of colours!
Enter note: The butterfly disappears in a burst of colours!
Jeremiah throws their arms up pleadingly.
Something smites you!
The butterfly disappears in a burst of colours!
The butterfly disappears in a burst of colours!
The butterfly disappears in a burst of colours!
Jeremiah lets out a twisted cry.
Something smites you!
The butterfly disappears in a burst of colours!
Jeremiah lets out a twisted cry.
Something smites you!
Enter note: You shoot an arrow.
The arrow hits the butterfly!
You kill the butterfly!
The butterfly disappears in a burst of colours!
The butterfly disappears in a burst of colours! x3
The butterfly disappears in a burst of colours! x3
Jeremiah shouts, "O dreadful one, destroy my foe!"
Something smites you!
You die...
Jeremiah asks, "What happened?
Did... did you die?"

.# ###.# ## b#
#####..|#
.#.#####.....#.#
b.....#.#####.#
#F #.)# #.# #b#
##<#####.# #b.##
##..>.#.#
#.#b###.###.#.#
#bb.@#........#
#b###.#.....###
# #.####..# #.#
..# ... .# #.# #
..# ###


You could see Jeremiah.

Vanquished Creatures
  Prince Ribbit (D:6)
  Grinder (D:6)
  Sigmund (D:3)
  Eustachio (D:4)
  3 ice beasts (D:5)
  A black bear (D:6)
  An ogre (D:5)
  2 centaurs (D:6)
  4 scorpions
  A howler monkey (D:5)
  2 hounds (D:5)
  2 orc priests
  A gnoll bouda (D:4)
  An iguana (D:5)
  An orc wizard (D:5)
  11 gnolls
  15 adders
  3 river rats (Sewer)
  A white imp (D:5)
  2 ufetubi
  2 worms
  3 dart slugs
  7 orcs
  11 endoplasms
  3 giant cockroaches
  A goblin (D:4)
  8 hobgoblins
  6 jackals
  9 quokkas
  6 ball pythons
  7 bats
  11 frilled lizards
  10 kobolds
  10 rats
149 creatures vanquished.

Notes
Turn   | Place    | Note
-------+----------+-------------------------------------------
     0 | D:1      | qw the Gargoyle Hunter began the quest for the Orb.
     0 | D:1      | Reached XP level 1. HP: 12/12 MP: 1/1
     0 | D:1      | 0 ||| qw: Version: 0.3-a-83-gcd0e7d8
     0 | D:1      | 0 ||| qw: Game counter: 1736
     0 | D:1      | 0 ||| qw: Melee chars always use a shield: true
     0 | D:1      | 0 ||| qw: God list: Okawaru
     0 | D:1      | 0 ||| qw: Allow faded altars: false
     0 | D:1      | 0 ||| qw: Do Orc after clearing Dungeon:15 true
     0 | D:1      | 0 ||| qw: Do second Lair branch before Depths: true
     0 | D:1      | 0 ||| qw: Lair rune preference: random
     0 | D:1      | 0 ||| qw: Goals: Normal
     0 | D:1      | 0 ||| PLANNING D:1-11
   192 | D:1      | Reached XP level 2. HP: 17/17 MP: 2/2
   528 | D:1      | Reached XP level 3. HP: 20/21 MP: 3/3
   540 | D:1      | Reached skill level 5 in Ranged Weapons
   717 | D:1      | 717 ||| UPGRADING to +4 ring of protection.
   718 | D:1      | 718 ||| READING 2 scrolls labelled ZUSOSO GEIROT.
   719 | D:1      | 719 ||| READING scroll of enchant weapon.
   719 | D:1      | 719 ||| ENCHANTING +1 shortbow.
   720 | D:1      | 720 ||| READING scroll labelled JAYSKALEOST.
   721 | D:1      | 721 ||| READING scroll labelled DEHADI LIUVEMM.
   722 | D:1      | 722 ||| DRINKING 2 orange potions.
   723 | D:1      | 723 ||| DROPPING scroll of butterflies.
   969 | D:2      | 969 ||| RETREEAATING.
   971 | D:2      | 971 ||| RETREEAATING.
   973 | D:2      | 973 ||| RETREEAATING.
   975 | D:2      | 975 ||| Stepping ~*~*~tactically~*~*~ (retreating).
   981 | D:2      | Reached skill level 3 in Fighting
   981 | D:2      | 981 ||| FLEEEEING.
   982 | D:2      | 982 ||| FLEEEEING.
   983 | D:2      | 983 ||| FLEEEEING.
   984 | D:2      | 984 ||| FLEEEEING.
   985 | D:2      | 985 ||| FLEEEEING.
   986 | D:2      | 986 ||| FLEEEEING.
   987 | D:2      | 987 ||| FLEEEEING.
   988 | D:2      | 988 ||| FLEEEEING.
   989 | D:2      | 989 ||| FLEEEEING.
   990 | D:2      | 990 ||| FLEEEEING.
   992 | D:2      | HP: 3/23 [gnoll/+0 flail (11)]
   995 | D:2      | Reached XP level 4. HP: 3/28 MP: 4/4
  1397 | D:2      | Reached XP level 5. HP: 32/32 MP: 5/5
  1660 | D:2      | 1660 ||| DROPPING amulet of magic regeneration.
  1661 | D:2      | 1661 ||| DROPPING ring of magical power.
  1662 | D:2      | 1662 ||| READING scroll labelled REMUSE RIRRY.
  1663 | D:2      | 1663 ||| READING 2 scrolls of identify.
  1663 | D:2      | 1663 ||| IDENTIFYING grey potion
  1779 | D:3      | Reached skill level 6 in Ranged Weapons
  1893 | D:3      | Noticed Sigmund
  1905 | D:3      | Killed Sigmund
  1906 | D:3      | Reached XP level 6. HP: 38/40 MP: 6/6
  2467 | D:3      | 2467 ||| UPGRADING to +0 helmet.
  2472 | D:3      | 2472 ||| UPGRADING to +1 pair of gloves.
  2477 | D:3      | 2477 ||| READING scroll labelled XUOTWY LAME ZOODUL.
  2504 | D:4      | 2504 ||| STAIRDANCE
  2510 | D:4      | 2510 ||| STAIRDANCE
  2517 | D:4      | 2517 ||| STAIRDANCE
  2523 | D:4      | 2523 ||| STAIRDANCE
  2568 | D:4      | Reached skill level 1 in Armour
  2577 | D:4      | Noticed Eustachio
  2579 | D:4      | Found a glowing silver altar of Zin.
  2583 | D:4      | Found Zin's Purification Station.
  2595 | D:4      | 2595 ||| Stepping ~*~*~tactically~*~*~ (retreating).
  2596 | D:4      | 2596 ||| Stepping ~*~*~tactically~*~*~ (retreating).
  2600 | D:4      | Killed Eustachio
  2601 | D:4      | Reached XP level 7. HP: 44/44 MP: 7/7
  2614 | D:4      | 2614 ||| BUYING potion of curing (90 gold).
  2614 | D:4      | Bought a potion of curing for 90 gold pieces
  2626 | D:4      | Reached skill level 7 in Ranged Weapons
  2907 | D:4      | Found Jyethuit's Antique Armour Shop.
  2910 | D:4      | Found Cekk's Book Shoppe.
  2911 | D:4      | Found Yhiapem's Jewellery Shop.
  2932 | D:4      | 2932 ||| SHOPLISTING cloak (126 gold, have 23).
  2932 | D:4      | 2932 ||| SHOPLISTING translucent cloak (266 gold, have 23).
  2939 | D:4      | 2939 ||| SHOPLISTING amulet of reflection (330 gold, have
                  | 31).
  2939 | D:4      | 2939 ||| SHOPLISTING amulet of regeneration (330 gold, have
                  | 31).
  2939 | D:4      | 2939 ||| SHOPLISTING ring "Camohyt" {rF+ Will+ rCorr MP+9
                  | Int-5} (381 gold, have 31).
  2939 | D:4      | 2939 ||| SHOPLISTING ring of fire (275 gold, have 31).
  2939 | D:4      | 2939 ||| SHOPLISTING ring of protection from fire (275
                  | gold, have 31).
  2939 | D:4      | 2939 ||| SHOPLISTING ring of willpower (275 gold, have 31).
  3343 | D:4      | 3343 ||| UPGRADING to +0 ring mail.
  3353 | D:4      | 3353 ||| DROPPING +0 leather armour.
  3354 | D:4      | 3354 ||| READING scroll labelled AJAATO ALIOH.
  3355 | D:4      | 3355 ||| READING scroll labelled FINAJU AMIED.
  3356 | D:4      | 3356 ||| READING scroll labelled QIUTU XAH TIOG.
  3371 | D:5      | Entered Level 5 of the Dungeon
  3372 | D:5      | 3372 ||| PLANNING SEWER
  3387 | D:5      | Reached XP level 8. HP: 35/49 MP: 8/8
  3458 | D:5      | 3458 ||| Stepping ~*~*~tactically~*~*~ (retreating).
  3463 | D:5      | 3463 ||| DRINKING 2 potions of curing.
  3463 | D:5      | 3463 ||| (to cure confusion)
  3569 | D:5      | Noticed a +0 dagger
  3604 | D:5      | Reached skill level 8 in Ranged Weapons
  3624 | D:5      | Found a shimmering altar of Xom.
  3665 | D:5      | 3665 ||| FLEEEEING.
  3752 | D:5      | Found a shimmering altar of Xom.
  3752 | D:5      | Found a shimmering altar of Xom.
  3752 | D:5      | Found a shimmering altar of Xom.
  3753 | D:5      | Found a shimmering altar of Xom.
  3754 | D:5      | Found a shimmering altar of Xom.
  3857 | D:5      | Found a staircase to the Ecumenical Temple.
  3891 | D:5      | Reached skill level 9 in Ranged Weapons
  3939 | D:5      | Noticed a +0 hand axe
  3958 | D:5      | Reached skill level 6 in Fighting
  3958 | D:5      | Found an ancient bone altar of Kikubaaqudgha.
  3979 | D:5      | Found a hide-covered altar of Uskayaw.
  4018 | D:5      | Found a glowing drain.
  4028 | Sewer    | Entered a sewer
  4111 | Sewer    | 4111 ||| Stepping ~*~*~tactically~*~*~ (water).
  4169 | Sewer    | 4169 ||| Stepping ~*~*~tactically~*~*~ (water).
  4181 | Sewer    | 4181 ||| Stepping ~*~*~tactically~*~*~ (water).
  4227 | Sewer    | 4227 ||| Stepping ~*~*~tactically~*~*~ (water).
  4302 | Sewer    | 4302 ||| Stepping ~*~*~tactically~*~*~ (water).
  4329 | Sewer    | 4329 ||| Stepping ~*~*~tactically~*~*~ (water).
  4345 | Sewer    | 4345 ||| READING 2 scrolls of identify.
  4345 | Sewer    | 4345 ||| IDENTIFYING emerald potion
  4382 | D:5      | 4382 ||| PLANNING TEMPLE
  4444 | Temple   | Entered the Ecumenical Temple
  4445 | Temple   | 4445 ||| PLANNING OKAWARU WORSHIP
  4463 | Temple   | Became a worshipper of Warmaster Okawaru
  4464 | Temple   | 4464 ||| PLANNING D:1-11
  4684 | D:5      | 4684 ||| READING scroll labelled FUDOMP UH PEFU.
  4844 | D:6      | Noticed Prince Ribbit
  4851 | D:6      | Noticed Jeremiah
  4853 | D:6      | 4853 ||| Stepping ~*~*~tactically~*~*~ (retreating).
  4859 | D:6      | 4859 ||| RETREEAATING.
  4860 | D:6      | 4860 ||| STILL RETREEAATING.
  4864 | D:6      | Killed Prince Ribbit
  4865 | D:6      | Reached skill level 10 in Ranged Weapons
  4865 | D:6      | Reached XP level 9. HP: 20/55 MP: 9/9
  4871 | D:6      | 4871 ||| FLEEEEING.
  4874 | D:6      | 4874 ||| STAIRDANCE
  5040 | D:6      | HP: 10/55 [Jeremiah/divine providence (10)]
  5041 | D:6      | 5041 ||| READING scroll of teleportation.
  5042 | D:6      | 5042 ||| DRINKING 2 potions of heal wounds.
  5109 | D:6      | Noticed Grinder
  5122 | D:6      | Paralysed by Grinder for 3 turns
  5127 | D:6      | Killed Grinder
  5139 | D:6      | Reached * piety under Okawaru
  5197 | D:6      | 5197 ||| SWAPPING to +0 orcbow.
  5198 | D:6      | 5198 ||| DROPPING +2 shortbow.
  5203 | D:6      | 5203 ||| INVOKING Heroism.
  5251 | D:6      | Found a glowing golden altar of the Shining One.
  5356 | D:6      | 5356 ||| INVOKING Heroism.
  5363 | D:6      | HP: 11/56 [Jeremiah/divine providence (13)]
  5364 | D:6      | 5364 ||| DRINKING potion of heal wounds.
  5391 | D:6      | HP: 3/56 [Jeremiah/divine providence (16)]
  5398 | D:6      | Killed from afar by Jeremiah

Levels and vault maps discovered:
D:1:      ldierk_walled_garden_2, layout_loops_cross, st_stairs_8,
          minmay_misc_feat_more_columns
D:2:      layout_basic, kennysheep_flooded_box
D:3:      layout_basic, minmay_hedge_maze, amcnicky_mini_corridor_feature,
          due_unseen_surprise, uniq_sigmund
D:4:      layout_basic, zin_purify, nicolae_wooded_promenade,
          chequers_serial_rivers_marsh, uniq_eustachio
D:5:      layout_cave_pools, xom_redecorated, dancing_weapons_uskayaw,
          nicolae_kikubaaqudgha_miasma_corner, temple_hall, gup_sewer_entry_pipe
D:6:      layout_loops_ring, general_overflow_altar, uniq_grinder,
          uniq_jeremiah, uniq_prince_ribbit1
Temple:   hellmonk_temple_forest_ring

Skill      XL: |  1  2  3  4  5  6  7  8  9 |
---------------+----------------------------+-----
Ranged Weapons | 5 6 7 10 | 10.3
Fighting       | 3 5 6 |  6.7
Armour         | 1 2 4 |  4.1
Dodging        | 2 |  2.4
Stealth        | |  1.1

Action                     |  1- 3 |  4- 6 |  7- 9 || total
---------------------------+-------+-------+-------++-------
   Fire: Shortbow          |   115 |   152 |   382 ||   649
         Orcbow            |       |       |     7 ||     7
 Invoke: Heroism           |       |       |     2 ||     2
    Use: Scroll            |     4 |     3 |     6 ||    13
         Potion            |     1 |       |     3 ||     4
 Armour: Leather armour    |    40 |    52 |    22 ||   114
         Ring mail         |       |       |   191 ||   191
  Dodge: Dodged            |    31 |    53 |   178 ||   262

Table legend:
 A = Non-vault XP
 B = Vault XP
 C = Vault XP percentage of total XP
 D = Non-vault monster count
 E = Vault monster count
 F = Vault count percentage of total count
                 A         B        C        D         E       F
            +---------+---------+-------+---------+---------+-------
      Total |    2032 |    1046 |  34.0 |     118 |      31 |  20.8
            +---------+---------+-------+---------+---------+-------
        D:1 |      42 |       2 |   4.5 |      25 |       1 |   3.8
        D:2 |     137 |       0 |   0.0 |      26 |       0 |   0.0
        D:3 |      94 |     223 |  70.3 |      21 |       1 |   4.5
        D:4 |     384 |     197 |  33.9 |      21 |       1 |   4.5
        D:5 |    1002 |      12 |   1.2 |      20 |       6 |  23.1
        D:6 |     373 |     530 |  58.7 |       5 |       2 |  28.6
      Sewer |       0 |      82 | 100.0 |       0 |      20 | 100.0
            +---------+---------+-------+---------+---------+-------
